 Dungeon Crawl Stone Soup version 0.18.1-8-gdd0e5ea (webtiles) character file.

723085 manyhoops the Conqueror (level 27, 76/199 HPs)
             Began as a Formicid Abyssal Knight on May 23, 2016.
             Was a High Priest of Lugonu.
             Drowned
             ... in Pandemonium.
             The game lasted 04:32:28 (86014 turns).

manyhoops the Conqueror (Formicid Abyssal Knight)  Turns: 86014, Time: 04:32:29

Health: 76/199     AC: 45    Str: 31    XL:     27
Magic:  13/26      EV: 24    Int: 15    God:    Lugonu [*****.]
Gold:   7862       SH: 25    Dex: 20    Spells: 1 memorised, 35 levels left

rFire  + + +     SeeInvis +     o - +7 battleaxe "Novuh" {chop, Dex+4}
rCold  + + +     Gourm    .     j - +10 plate armour {rF+}
rNeg   + + .     Faith    .     l - +5 shield of the Tundras {rC+ rN+}
rPois  +         Spirit   +     (helmet unavailable)
rElec  +         Dismiss  .     a - +4 dragonskin cloak
rCorr  +         Reflect  .     M - +0 pair of gloves of Inviolability {+Fly rPois}
SustAt .         Harm     .     x - +2 pair of boots {run}
MR     ++...                    N - amulet "Yghogi" {Spirit rElec rF+ SInv Stlth-}
Stlth  ..........               k - ring of positive energy
                                v - ring of protection from cold

@: mighty, agile, resistant, quick, very resistant to hostile enchantments,
extremely unstealthy
A: permanent stasis, dig shafts and tunnels, four strong arms, antennae 3,
molten scales 1, blurry vision 1, deterioration 1, frail 2, low mp 2, MP-powered
wands
a: Dig, Shaft Self, Depart the Abyss, Bend Space, Banish, Corrupt, Enter the
Abyss, Renounce Religion, Evoke Flight
}: 4/15 runes: barnacled, silver, abyssal, gossamer


You were in Pandemonium.
You worshipped Lugonu.
Lugonu was extremely pleased with you.
You were very full.

You visited 11 branches of the dungeon, and saw 55 of its levels.
You visited Pandemonium 1 time, and saw 6 of its levels.
You visited the Abyss 7 times.
You also visited: Labyrinth and Ice Cave.

You collected 9502 gold pieces.
You spent 1640 gold pieces at shops.

Inventory:

Hand Weapons
 o - the +7 battleaxe "Novuh" (weapon) {chop, Dex+4}
   (You found it in a labyrinth)

   It inflicts extra damage upon your enemies.
   It affects your dexterity (+4).
 t - a +4 battleaxe of flaming
 P - a +6 battleaxe of freezing
Armour
 a - the +4 dragonskin cloak (worn)
   (You took it off Tiamat on level 2 of the Realm of Zot)
 j - a +10 plate armour of fire resistance (worn)
 l - the +5 shield of the Tundras (worn) {rC+ rN+}
   (You took it off Donald on level 2 of the Vaults)

   It protects you from cold.
   It protects you from negative energy.
 x - a +2 pair of boots of running (worn)
 M - the +0 pair of gloves of Inviolability (worn) {+Fly rPois}
   (You bought it in a shop on level 1 of the Vaults)

   It protects you from poison.
   It lets you fly.
Rods
 p - a +4 iron rod (9/9)
   (You found it in a labyrinth)
 E - a +6 rod of shadows (12/12)
   (You found it on level 3 of the Crypt)
Jewellery
 b - a +4 amulet of reflection
 k - a ring of positive energy (right hand)
 v - a ring of protection from cold (left hand)
 J - the ring of Gado {-Tele +Fly MR++ MP+9 Slay+3}
   (You took it off a minotaur in a labyrinth)

   [ring of flight]

   It affects your accuracy and damage with ranged weapons and melee attacks
   (+3).
   It affects your resistance to hostile enchantments.
   It affects your magic capacity (+9).
   It lets you fly.
   It prevents most forms of teleportation.
 N - the amulet "Yghogi" (around neck) {Spirit rElec rF+ SInv Stlth-}
   (You took it off a deep elf death mage on level 3 of the Elven Halls)

   [amulet of guardian spirit]

   It causes incoming damage to be split between your health and magic.
   It protects you from fire.
   It insulates you from electricity.
   It lets you see invisible.
   It makes you less stealthy.
 X - an uncursed ring of positive energy
 Z - an uncursed ring of fire
Wands
 G - a wand of lightning (1/15)
 H - a wand of disintegration (8/24)
 T - a wand of acid (4/15)
 U - a wand of paralysis (15/24)
 Y - a wand of iceblast (10/15)
Scrolls
 g - 13 scrolls of fear
 m - 12 scrolls of recharging
 r - 4 scrolls of immolation
 u - 8 scrolls of fog
 y - 2 scrolls of silence
 z - 6 scrolls of noise
 O - 17 scrolls of identify
 Q - 22 scrolls of remove curse
 S - 2 scrolls of magic mapping
 V - 2 scrolls of holy word
Potions
 d - 6 potions of cancellation
 e - 2 potions of heal wounds
 f - 10 potions of brilliance
 h - 6 potions of ambrosia
 i - 2 potions of resistance
 n - 11 potions of flight
 A - 16 potions of curing
 B - 5 potions of magic
 K - a potion of might
 L - a potion of agility
 R - 2 potions of cure mutation
Miscellaneous
 q - the horn of Geryon (inert)
 s - a phantom mirror
 D - a box of beasts {used: 2}
 F - a sack of spiders
 I - an ornate deck of escape {Velocity, drawn: 2}
 W - a crystal ball of energy
Comestibles
 c - 15 bread rations


   Skills:
 O Level 27 Fighting
 - Level 20.0 Axes
 O Level 27 Armour
 - Level 13.2 Dodging
 - Level 1.5 Stealth
 O Level 27 Shields
 - Level 6.3 Spellcasting
 - Level 4.2 Necromancy
 - Level 13.8 Invocations
 + Level 13.1 Evocations


You had 35 spell levels left.
You knew the following spells:

 Your Spells              Type           Power        Failure   Level  Hunger
a - Regeneration          Chrm/Necr      ##........   52%         3    ##.....


Dungeon Overview and Level Annotations

Branches:
Dungeon (15/15)            Temple (0/1) D:6            Lair (8/8) D:8
 Shoals (4/4) Lair:5       Spider (4/4) Lair:4        Slime (0/6) Lair:6
    Orc (2/2) D:9             Elf (3/3) Orc:2        Vaults (5/5) D:14
  Crypt (3/3) Vaults:3       Tomb (0/3) Crypt:3      Depths (5/5) D:15
   Hell (1/1)                 Dis (0/7) Hell            Geh (0/7) Hell
    Coc (0/7) Hell            Tar (0/7) Hell            Zot (5/5) Depths:5

Altars:
Dithmenos
Gozag
Kikubaaqudgha
Nemelex Xobeh
Okawaru
Pakellas
Qazlal
Ru
Sif Muna
Vehumet
Xom
Yredelemnul
Zin
The Shining One
Beogh
Jiyva
Lugonu

Shops:
D:9 }   D:12 =   Orc:2 :=:?   Elf:1 !   Elf:3 [   Shoals:2 (   Vaults:1 [
Vaults:2 (

Portals:
Hell: Depths:1 Depths:2 Depths:3 Depths:4 Depths:5
Abyss: Depths:4 Depths:5
Pandemonium: Depths:3
Ziggurat: Depths:3

Annotations:
D:10 corrupted
Lair:7 Kirke
Spider:4 corrupted
Vaults:5 Mennas
Zot:3 corrupted
Pan corrupted, Lom Lobon


Innate Abilities, Weirdness & Mutations

You are under a permanent stasis effect.
You can dig through walls and to a lower floor.
Your four strong arms can wield two-handed weapons with a shield.
You have a pair of large antennae on your head (SInv).
You are partially covered in molten scales (AC +1).
Scrolls take you a little longer to read.
Your body sometimes deteriorates upon taking damage.
You expend magic power (3 MP) to strengthen your wands.
[You are very frail (-20% HP).]
[Your magical capacity is very low (-20% MP).]


Message History

You are engulfed in raging winds.
Your green death hits Lom Lobon but does no damage.
You slice Lom Lobon!!
Lom Lobon is moderately wounded.
Careful!
You are now flying above some deep water.
The winds around Lom Lobon start to calm down.
You block Lom Lobon's attack.
You slice Lom Lobon!!
Lom Lobon is heavily wounded.
You are engulfed in raging winds.
You block Lom Lobon's attack.
Unknown command.
You slice Lom Lobon!!
Lom Lobon is heavily wounded.
You are engulfed in raging winds.
You slice Lom Lobon!!
Lom Lobon is heavily wounded.
You float gracefully downwards.
You fall into the water!
You sink like a stone!
You drown...
You die...

≈≈≈.......#≈ ≈≈≈.....≈≈
#######≈≈...≈{
#≈≈≈≈≈##≈.p.≈
≈§§§≈≈##...# ≈≈
###≈§≈≈###.# ≈# #
##§##≈§≈≈#.#..≈≈# .##
#§§§#§§§§#.#≈≈X.#...
##2{#@§§≈#.#.##.#p.
≈≈≈###&§§§##§####≈.###.#
#≈≈≈≈≈≈§.≈#§§..##..§.....
##≈≈§§≈§§§......X{..#.
{##≈§≈≈≈##[...#.X.##.# #
{##≈≈≈##§.#§..#5{## ##
#####§§.§§.....######.
§§§§....#.Z#3.!.h..
###§§...#...).###.#.


You could see Lom Lobon.

Vanquished Creatures
  Mara (Depths:2)
  An ancient lich (Vaults:5)
  A juggernaut (Depths:3)
  Boris (Crypt:2)
  Frederick (Vaults:3)
  Saint Roka (Vaults:4)
  5 curse toes
  16 golden dragons
  Geryon (Hell)
  A profane servitor (Crypt:3)
  3 bone dragons (Abyss:1)
  An electric golem (Zot:4)
  A Brimstone Fiend (Pan)
  Jorgrun (Vaults:4)
  19 tentacled monstrosities
  A hellephant (Hell)
  6 liches
  3 Orb Guardians (Zot:5)
  4 titans
  Rupert (Orc:2)
  3 quicksilver dragons (Vaults:5)
  3 deep elf blademasters
  Asterion (Vaults:3)
  A deep elf master archer (Elf:3)
  An Executioner (Pan)
  Frances (Shoals:2)
  2 krakens
  12 ancient champions
  15 tentacled starspawn
  5 sphinxes
  Polyphemus (Shoals:3)
  11 death cobs
  9 storm dragons
  6 shadow dragons
  4 draconian monks
  Ilsuiw (Shoals:3)
  3 revenants
  8 tengu reavers
  14 fire giants
  15 frost giants
  Donald (Vaults:2)
  Maud (D:9)
  Wiglaf (Elf:3)
  5 emperor scorpions
  4 deep elf sorcerers
  8 ghost moths
  3 balrugs
  2 draconian scorchers
  2 draconian knights
  Louise (D:14)
  9 deep elf elementalists
  4 draconian zealots
  2 draconian callers
  A draconian shifter (Zot:2)
  12 ghouls
  5 draconian annihilators
  4 war gargoyles
  3 reapers
  23 vault wardens
  2 curse skulls
  An angel (Abyss:2)
  18 ironheart preservers
  A caustic shrike skeleton (Crypt:3)
  8 green draconians
  35 very ugly things
  The ghost of George the Fencer, a journeyman MiFi of the Shining One (Lair:5)
  Nessos (D:12)
  6 lorocyprocas
  13 stone giants
  7 deep elf demonologists
  A salamander stormcaller (Hell)
  5 vampire knights
  7 red draconians
  A corrupter (Pan)
  10 white draconians
  8 deep elf annihilators
  A black sun (Pan)
  2 chaos champions (Pan)
  8 black draconians
  7 spark wasps
  6 mottled draconians
  9 purple draconians
  9 yellow draconians
  5 dire elephants (Lair:8)
  4 merfolk javelineers
  Snorg (D:14)
  4 eidola
  6 green deaths (Pan)
  14 deep elf death magi
  39 vault guards
  A minotaur (Lab)
  15 ettins
  10 death oozes (Depths:4)
  5 blizzard demons (Pan)
  10 merfolk impalers
  2 mummy priests (Crypt:3)
  4 deep elf high priests
  4 fire dragons (shapeshifter) (Depths:3)
  16 yaktaur captains
  15 jiangshi
  13 fire dragons
  6 rakshasas
  11 great orbs of eyes
  A hydra (shapeshifter) (Depths:3)
  An ice dragon (shapeshifter) (Depths:3)
  7 entropy weavers
  13 ice dragons
  12 hydras
  An anaconda (Lair:8)
  A caustic shrike simulacrum (Depths:2)
  19 ogre magi
  4 merfolk avatars
  The ghost of Zebura the Bludgeoner, a novice OgBe of Trog (D:10)
  11 centaur warriors
  5 death knights
  The ghost of M4edhros the Martial Artist, a journeyman OpNe of Cheibriados (D:13)
  An anaconda (shapeshifter) (Depths:3)
  2 catoblepae
  2 monstrous demonspawn (Pan)
  5 spriggan air magi
  A hell hog (shapeshifter) (Depths:2)
  7 deep troll shamans
  A queen ant (Lair:1)
  8 merfolk aquamancers
  2 satyrs
  31 dancing weapons
  12 deep troll earth magi
  2 titan zombies
  4 death yaks
  7 tengu warriors
  6 vampire magi
  A hell hog (Hell)
  3 spriggan berserkers
  15 thrashing horrors
  Sonja (Lair:2)
  3 orc high priests (Orc:2)
  32 deep elf knights
  8 soul eaters
  27 hell knights
  15 sun demons
  3 fire crabs
  4 shadow wraiths
  19 skeletal warriors
  A fire crab (shapeshifter) (Depths:2)
  7 wretched stars
  3 iron trolls (Depths:1)
  A salamander mystic (Depths:3)
  2 anaconda zombies
  A giant orange brain (Vaults:3)
  8 unseen horrors
  A spatial maelstrom (Abyss:2)
  A storm dragon skeleton (Abyss:1)
  12 sea snakes
  A torturous demonspawn (Pan)
  5 flayed ghosts
  A tengu zombie (Depths:4)
  Pikel (D:5)
  27 deep trolls
  19 deep elf archers
  19 orc knights
  An orange crystal statue (Depths:5)
  The ghost of murphy the Archer, a novice HESk of Okawaru (Lair:2)
  7 wizards
  6 hill giants
  11 phantasmal warriors
  An anubis guard (shapeshifter) (Vaults:2)
  12 harpies
  2 anaconda skeletons (Hell)
  2 sphinx zombies
  12 necromancers
  22 orb spiders
  18 ironbrand convokers
  3 fire giant zombies
  21 ugly things
  A shadow dragon skeleton (Abyss:2)
  A mana viper (Depths:3)
  An iron dragon zombie (Crypt:3)
  An oklob plant (Shoals:3)
  10 fauns
  A frost giant zombie (Crypt:3)
  A hornet (shapeshifter) (Vaults:3)
  6 orc sorcerers
  A manticore (shapeshifter) (Vaults:3)
  97 deep elf magi
  15 manticores
  15 griffons
  33 wolf spiders
  10 sixfirhies
  An iron dragon skeleton (Abyss:1)
  3 centaur zombies
  4 worldbinders
  5 cyclopes
  2 salamanders (shapeshifter)
  5 hornets
  A shock serpent zombie (Crypt:3)
  7 black mambas
  16 elephants
  A fire giant skeleton (Hell)
  3 stone giant zombies
  A rust devil (Pan)
  A stone giant skeleton (Depths:2)
  2 frost giant skeletons
  A black mamba (shapeshifter) (Abyss:2)
  A guardian serpent (Elf:1)
  5 naga magi (Depths:3)
  17 moths of wrath
  12 vault sentinels
  A dire elephant zombie (Abyss:2)
  7 sirens
  6 water nymphs
  2 apocalypse crabs
  Maurice (D:8)
  5 orange demons
  4 gargoyles
  A spiny frog (shapeshifter) (Vaults:1)
  3 torpor snails
  A hellion (Hell)
  A spriggan skeleton (Depths:4)
  17 smoke demons
  3 centaur skeletons
  11 spiny frogs
  64 yaktaurs
  2 rime drakes
  A kobold demonologist (Vaults:3)
  A komodo dragon (shapeshifter) (Depths:2)
  4 ancient zymes
  8 ice devils
  10 freezing wraiths
  A mottled draconian skeleton (Crypt:3)
  A tormentor (Abyss:1)
  A yellow draconian zombie (Crypt:1)
  2 tengu conjurers
  2 guardian mummies (Crypt:3)
  4 red devils
  2 komodo dragons
  10 demonic crawlers
  11 hellwings
  A queen bee (shapeshifter) (Elf:1)
  A queen bee (D:11)
  28 merfolk
  9 polar bears
  48 jumping spiders
  2 hydra zombies (Hell)
  8 trolls
  13 blink frogs
  27 two-headed ogres
  5 wind drakes
  3 hydra skeletons
  A moth of wrath zombie (Crypt:2)
  12 raiju
  A raiju (shapeshifter) (D:15)
  2 hornet zombies
  31 slime creatures
  12 boulder beetles
  A minotaur skeleton (Crypt:3)
  3 ushabtiu (Crypt:3)
  5 bog bodies
  6 flying skulls (Crypt:1)
  14 snapping turtles
  2 ettin skeletons (Crypt:3)
  6 air elementals
  4 shadows
  72 redbacks
  3 spriggans
  An alligator skeleton (Hell)
  A fire dragon skeleton (Crypt:2)
  A vampire (Abyss:1)
  A hill giant zombie (Crypt:3)
  29 tarantellas
  18 water elementals
  A yak (shapeshifter) (Vaults:2)
  11 ynoxinuls
  3 wyverns
  A black mamba skeleton (Crypt:3)
  3 hogs
  3 fire bats
  12 wraiths
  3 basilisks
  A golden eye (shapeshifter) (Depths:4)
  74 yaks
  A human (D:10)
  3 hungry ghosts
  9 golden eyes
  2 steam dragons
  8 fire elementals
  5 neqoxecs
  11 small abominations
  11 vampire mosquitoes
  A hippogriff (shapeshifter) (Vaults:1)
  4 chaos spawn (Pan)
  7 wargs
  12 hippogriffs
  A human simulacrum (Vaults:2)
  13 large abominations
  3 mottled dragons
  2 harpy simulacra
  2 spatial vortices (Abyss:2)
  5 swamp worms (Lair:5)
  A warg (shapeshifter) (Vaults:4)
  A spiny frog zombie (Hell)
  A water moccasin (shapeshifter) (Vaults:5)
  8 soldier ants
  15 water moccasins
  Duvessa (D:6)
  8 hell hounds (Hell)
  2 spiny frog skeletons (Hell)
  48 orc warriors
  10 porcupines
  2 slaves (D:5)
  4 ice beasts
  An eye of draining (D:13)
  A manticore zombie (Crypt:1)
  A giant eyeball (shapeshifter) (Vaults:5)
  6 sky beasts
  5 wasps
  2 ettin simulacra (Crypt:3)
  A black bear (shapeshifter) (D:15)
  50 ogres
  4 black bears
  An elf simulacrum (Depths:4)
  3 necrophages
  19 wolves
  9 boggarts
  A boggart (shapeshifter) (Vaults:1)
  2 human skeletons
  A snapping turtle skeleton (Hell)
  14 centaurs
  A swamp dragon skeleton (Crypt:1)
  An anubis guard skeleton (Crypt:1)
  15 crocodiles
  A komodo dragon zombie (Crypt:1)
  25 giant frogs
  3 earth elementals
  A gnoll sergeant (D:9)
  A hell hound skeleton (Crypt:2)
  Dowan (D:6)
  8 scorpions
  31 killer bees
  A killer bee (shapeshifter) (Vaults:5)
  13 wights
  6 electric eels
  A howler monkey (D:6)
  10 crimson imps
  32 starcursed masses
  10 jellies
  6 quasits
  3 hounds
  28 orc priests
  34 orc wizards
  2 giant frog skeletons
  A gnoll shaman (D:9)
  3 iron imps
  A demonspawn skeleton (Crypt:1)
  Terence (D:3)
  11 iguanas
  2 porcupine skeletons
  21 worker ants
  24 sheep
  A naga zombie (Crypt:2)
  2 centaur simulacra
  A crocodile skeleton (Crypt:1)
  2 hound skeletons
  12 mummies (Crypt:3)
  A howler monkey zombie (D:10)
  2 worker ant zombies
  6 gnolls (D:9)
  34 river rats
  14 adders
  A naga simulacrum (IceCv)
  7 shadow imps
  14 white imps
  5 ufetubi
  6 oozes (Depths:4)
  2 adder skeletons (D:4)
  16 worms
  5 ball lightnings (Pan)
  3 dart slugs (D:1)
  8 giant geckos
  100 orcs
  6 bats
  A bat zombie (Crypt:3)
  10 giant cockroaches
  5 goblins
  11 hobgoblins
  8 jackals
  8 kobolds
  2 quokkas
  A ball python (D:4)
  A ball python skeleton (Crypt:2)
  2 giant gecko skeletons (D:4)
  7 giant newts
  A hobgoblin zombie (Crypt:2)
  2 quokka skeletons
  4 rats
  A block of ice (Pan)
  2 bushes (Elf:3)
  2 crawling corpses (Elf:3)
  4 fungi
  A lurking horror (Abyss:3)
  24 plants
  A spectral weapon (Vaults:3)
  16 starspawn tentacles
  6 tentacles
  A tentacle segment (Shoals:3)
3096 creatures vanquished.

Vanquished Creatures (collateral kills)
  Tiamat (Zot:2)
  A cacodemon (Pan)
  A large abomination (Pan)
  A rust devil (Hell)
4 creatures vanquished.

Vanquished Creatures (others)
  A deep elf master archer (Elf:3)
  A tengu reaver (D:13)
  A draconian monk (Zot:3)
  A pandemonium lord (Pan)
  A fire giant (Depths:4)
  3 emperor scorpions (Spider:4)
  2 ghost moths (Spider:4)
  A draconian zealot (Zot:3)
  A stone giant (Depths:2)
  A draconian caller (Zot:3)
  A green draconian (Zot:3)
  A black draconian (Zot:3)
  A yellow draconian (Zot:3)
  2 mottled draconians (Zot:3)
  A green death (Pan)
  2 yaktaur captains
  A rakshasa (Depths:5)
  A merfolk aquamancer (Shoals:2)
  An ogre mage (D:15)
  2 satyrs
  2 centaur warriors
  A spriggan berserker (Depths:1)
  A giant orange brain (Pan)
  2 unseen horrors
  An infernal demonspawn (Pan)
  5 deep elf archers
  4 wizards (Pan)
  4 deep elf magi
  2 orb spiders (Spider:4)
  A wolf spider (Spider:4)
  A moth of wrath (Zot:3)
  3 cyclopes
  A sixfirhy (Pan)
  5 smoke demons (Pan)
  An orange demon (Pan)
  12 yaktaurs
  3 red devils (Pan)
  A merfolk (Shoals:4)
  A demonic crawler (Hell)
  5 jumping spiders (Spider:4)
  6 slime creatures
  A tarantella (Spider:4)
  5 redbacks (Spider:4)
  2 yaks (D:10)
  2 ogres
  5 centaurs
  A white imp (IceCv)
  23 ball lightnings (Pan)
  14 blocks of ice (Pan)
  14 fungi
  4 lost souls
  23 plants
  61 starspawn tentacles
  607 starspawn tentacle segments
  8 tentacles
  430 tentacle segments
1288 creatures vanquished.

Grand Total: 4388 creatures vanquished

Notes
Turn   | Place    | Note
--------------------------------------------------------------
     0 | Abyss:1  | manyhoops the Formicid Abyssal Knight began the quest for the Orb.
     0 | Abyss:1  | Reached XP level 1. HP: 18/18 MP: 2/2
    34 | Abyss:1  | Found a corrupted altar of Lugonu.
    89 | Abyss:1  | Noticed a tentacled starspawn
    93 | D:1      | Escaped the Abyss
   109 | D:1      | Reached XP level 2. HP: 6/25 MP: 3/3
   573 | D:1      | Reached XP level 3. HP: 13/30 MP: 4/4
  1390 | D:2      | Reached ** piety under Lugonu
  1629 | D:2      | Reached XP level 4. HP: 38/38 MP: 5/5
  1897 | D:2      | HP: 1/38 [poisoned by an adder]
  2553 | D:2      | Found a deep blue altar of Sif Muna.
  2840 | D:3      | Reached XP level 5. HP: 30/43 MP: 6/6
  3021 | D:3      | Reached skill level 5 in Fighting
  3021 | D:3      | Reached skill level 1 in Stealth
  3116 | D:3      | Noticed Terence
  3130 | D:3      | Killed Terence
  3222 | D:3      | Reached *** piety under Lugonu
  3450 | D:3      | Reached XP level 6. HP: 20/51 MP: 7/7
  3657 | D:4      | Noticed an ogre
  4379 | D:4      | Reached XP level 7. HP: 55/56 MP: 8/8
  4492 | D:3      | Identified a +0 pair of boots of running (You found it on level 4 of the Dungeon)
  4680 | D:4      | Found an ancient bone altar of Kikubaaqudgha.
  4680 | D:4      | Found a basalt altar of Yredelemnul.
  4680 | D:4      | Found a glowing silver altar of Zin.
  4680 | D:4      | Found an iron altar of Okawaru.
  4688 | D:4      | Found a radiant altar of Vehumet.
  4688 | D:4      | Found a glowing golden altar of the Shining One.
  5423 | D:5      | Entered Level 5 of the Dungeon
  5580 | D:5      | Reached **** piety under Lugonu
  5580 | D:5      | Reached skill level 5 in Armour
  5889 | D:5      | Reached XP level 8. HP: 57/64 MP: 9/9
  6108 | D:5      | Reached skill level 5 in Axes
  6482 | D:5      | Noticed Pikel
  6491 | D:5      | Killed Pikel
  6524 | D:6      | Found a staircase to the Ecumenical Temple.
  6685 | D:6      | Reached XP level 9. HP: 61/72 MP: 10/10
  7137 | D:6      | Got an ivory mace
  7140 | D:6      | Identified the +7 mace of Revolt {venom, *Rage rC- Dex+6} (You found it on level 6 of the Dungeon)
  7163 | D:6      | Noticed Dowan
  7621 | D:6      | Killed Dowan
  7636 | D:6      | Noticed Duvessa
  7643 | D:6      | Killed Duvessa
  7650 | D:6      | Found an opulent altar of Gozag.
  7743 | D:6      | Reached skill level 1 in Shields
  7784 | D:6      | Found an oddly glowing altar of Pakellas.
  8012 | D:7      | Reached XP level 10. HP: 82/82 MP: 11/11
  8055 | D:7      | Reached ***** piety under Lugonu
  8612 | D:8      | Found a staircase to the Lair.
  8926 | D:8      | Noticed Maurice
  8931 | D:8      | Killed Maurice
  8931 | D:8      | Reached skill level 5 in Shields
  9677 | D:9      | Found Tutoq's Gadget Boutique.
 10081 | D:9      | Found a staircase to the Orcish Mines.
 10158 | D:9      | Reached XP level 11. HP: 67/90 MP: 5/12
 10281 | D:9      | Noticed an unseen horror
 10293 | D:9      | Killed an unseen horror
 10293 | D:9      | Reached skill level 10 in Fighting
 10293 | D:9      | Reached skill level 10 in Armour
 10511 | D:10     | Entered Level 10 of the Dungeon
 10589 | D:10     | Noticed Zebura's ghost (novice OgBe)
 10717 | D:10     | Found a sparkling altar of Nemelex Xobeh.
 11065 | D:10     | Corrupted D:10
 11107 | Lair:1   | Entered Level 1 of the Lair of Beasts
 12042 | Lair:1   | Reached skill level 10 in Shields
 12182 | Lair:2   | Noticed murphy's ghost (novice HESk)
 12521 | Lair:2   | Noticed a four-headed hydra
 12533 | Lair:2   | Killed a four-headed hydra
 12587 | Lair:2   | Noticed a queen ant
 12609 | Lair:1   | Killed a queen ant
 12609 | Lair:1   | Reached XP level 12. HP: 64/99 MP: 10/13
 13088 | Lair:2   | Killed murphy's ghost
 13295 | Lair:2   | Noticed a five-headed hydra
 13319 | Lair:2   | Killed a five-headed hydra
 13319 | Lair:2   | Reached ****** piety under Lugonu
 13404 | Lair:2   | Noticed Sonja
 13670 | Lair:2   | Identified a scroll of acquirement
 13894 | Lair:2   | Killed Sonja
 14391 | Lair:3   | Reached XP level 13. HP: 96/107 MP: 14/14
 15338 | Lair:4   | Found a hole to the Spider Nest.
 15764 | Lair:5   | Found a staircase to the Shoals.
 15769 | Lair:5   | Reached skill level 15 in Shields
 15796 | Lair:5   | Reached skill level 10 in Axes
 15877 | Lair:5   | Found a labyrinth entrance.
 15888 | Lab      | Entered a labyrinth
 16078 | Lab      | Noticed a minotaur
 16097 | Lab      | Killed a minotaur
 16100 | Lab      | Got a shimmering brass ring
 16116 | Lab      | Got a brightly glowing battleaxe
 16150 | Lab      | Identified the +7 battleaxe "Novuh" {chop, Dex+4} (You found it in a labyrinth)
 16176 | Lab      | Identified the ring of Gado {-Tele +Fly MR++ MP+9 Slay+3} (You took it off a minotaur in a labyrinth)
 16205 | Lair:5   | Noticed George's ghost (journeyman MiFi)
 17758 | D:12     | Reached XP level 14. HP: 58/116 MP: 15/15
 18345 | D:12     | You fall through a shaft for 2 floors!
 18412 | D:13     | Noticed M4edhros's ghost (journeyman OpNe)
 18425 | D:13     | Killed M4edhros's ghost
 18510 | D:13     | Noticed a tengu reaver
 18577 | D:14     | Noticed Louise
 18629 | D:14     | Killed Louise
 18629 | D:14     | Reached skill level 1 in Evocations
 19105 | D:12     | Noticed Nessos
 19115 | D:12     | Killed Nessos
 19231 | D:12     | Found Vuuqoegh's Jewellery Shoppe.
 19343 | Orc:1    | Entered Level 1 of the Orcish Mines
 19879 | Orc:2    | Entered Level 2 of the Orcish Mines
 19916 | Orc:2    | Noticed Rupert
 19935 | Orc:2    | Killed Rupert
 19948 | Orc:2    | Noticed Maud
 20312 | D:9      | Killed Maud
 20341 | Orc:2    | Found a staircase to the Elven Halls.
 20787 | Orc:2    | Reached XP level 15. HP: 70/123 MP: 18/18
 21209 | Orc:2    | Found Qoihis's Book Emporium.
 21209 | Orc:2    | Found Roahupek's Magic Scroll Shop.
 21211 | Orc:2    | Found Rucunyu's Book Emporium.
 21211 | Orc:2    | Found Kas Keol's Jewellery Shop.
 21223 | Orc:2    | Bought a scroll of identify for 32 gold pieces
 21223 | Orc:2    | Bought a scroll of identify for 32 gold pieces
 21449 | D:10     | Killed Zebura's ghost
 21449 | D:10     | Reached skill level 5 in Invocations
 21723 | Lair:5   | Killed George's ghost
 22479 | Lair:6   | You fall through a shaft for 2 floors!
 22479 | Lair:8   | Entered Level 8 of the Lair of Beasts
 24215 | Lair:7   | Reached skill level 15 in Axes
 24434 | Lair:7   | Reached XP level 16. HP: 71/132 MP: 20/20
 24550 | Lair:7   | Noticed Kirke
 24557 | Lair:7   | You fall through a shaft!
 24831 | Lair:6   | Found a staircase to the Slime Pits.
 24833 | Lair:6   | Found a viscous altar of Jiyva.
 25652 | Shoals:1 | Entered Level 1 of the Shoals
 25721 | Spider:1 | Entered Level 1 of the Spider Nest
 25933 | Spider:1 | Found a frozen archway.
 25946 | IceCv    | Entered an ice cave
 25946 | IceCv    | Noticed nikopol's ghost (adept MiBe)
 28000 | Spider:2 | Found a roughly hewn altar of Beogh.
 28005 | Spider:2 | Reached XP level 17. HP: 128/140 MP: 21/21
 29323 | Spider:3 | Got a polished cloak
 29339 | Spider:3 | Identified the +0 cloak of the Page of Cups {rC+} (You found it on level 3 of the Spider Nest)
 29738 | Spider:4 | Entered Level 4 of the Spider Nest
 30730 | Spider:4 | Corrupted Spider:4
 30747 | Spider:4 | Noticed a tentacled starspawn
 31022 | Spider:4 | Got a gossamer rune of Zot
 31106 | Spider:4 | Reached XP level 18. HP: 132/147 MP: 22/22
 31618 | D:12     | Bought a +4 amulet of reflection for 350 gold pieces
 31805 | D:13     | Found a shimmering altar of Xom.
 31815 | D:13     | Found a stormy altar of Qazlal.
 32077 | D:13     | Found a huge runed gate.
 32078 | D:13     | Found a huge runed gate.
 32079 | D:13     | Found a huge runed gate.
 32080 | D:13     | Found a huge runed gate.
 32594 | D:14     | Found a gate to the Vaults.
 32599 | D:14     | Reached skill level 15 in Fighting
 32712 | D:14     | Noticed Snorg
 32723 | D:14     | Killed Snorg
 32794 | D:15     | Entered Level 15 of the Dungeon
 33111 | D:15     | Found a staircase to the Depths.
 33262 | D:15     | Found a sacrificial altar of Ru.
 33704 | D:15     | Reached skill level 15 in Armour
 34048 | Vaults:1 | Entered Level 1 of the Vaults
 34291 | Vaults:1 | Reached XP level 19. HP: 109/158 MP: 23/23
 35110 | Vaults:1 | Found Dykul's Antique Armour Boutique.
 35118 | Vaults:1 | Bought a shimmering buckler for 161 gold pieces
 35118 | Vaults:1 | Bought a pair of bloodstained gloves for 161 gold pieces
 35128 | Vaults:1 | Identified the cursed -5 buckler of Grace {+Blink MR+ Dex+4 SInv} (You bought it in a shop on level 1 of the Vaults)
 35161 | Vaults:1 | Identified the +0 pair of gloves of Inviolability {+Fly rPois} (You bought it in a shop on level 1 of the Vaults)
 35687 | Vaults:2 | Got an obsidian-encrusted scale mail
 35688 | Vaults:2 | Identified the +6 scale mail of Xeregh {Int+4} (You found it on level 2 of the Vaults)
 35712 | Vaults:2 | Found Amakh's Weapon Boutique.
 37011 | Vaults:3 | Reached XP level 20. HP: 162/171 MP: 25/25
 37162 | Vaults:3 | Noticed Donald
 37196 | Vaults:2 | Killed Donald
 37203 | Vaults:2 | Got a brightly glowing shield {Donald}
 37214 | Vaults:2 | Identified the +5 shield of the Tundras {rC+ rN+} (You took it off Donald on level 2 of the Vaults)
 37714 | Vaults:3 | Found a staircase to the Crypt.
 38706 | Vaults:3 | Noticed Frederick
 38741 | Vaults:3 | Killed Frederick
 38792 | Vaults:3 | Noticed Asterion
 39187 | Vaults:3 | Killed Asterion
 40211 | Vaults:4 | Reached XP level 21. HP: 182/182 MP: 28/28
 40389 | Vaults:4 | Noticed Saint Roka
 40877 | Vaults:4 | Killed Saint Roka
 41721 | Vaults:4 | Noticed Jorgrun
 41928 | Vaults:4 | Killed Jorgrun
 42859 | D:14     | Escaped the Abyss
 43740 | Shoals:2 | Noticed Frances
 44749 | Shoals:2 | Found Koblyix's Weapon Emporium.
 44955 | Shoals:3 | Reached XP level 22. HP: 165/194 MP: 29/29
 44991 | Shoals:3 | Gained mutation: You are partially covered in molten scales (AC +1). [potion of beneficial mutation]
 45185 | Shoals:3 | Found a shadowy altar of Dithmenos.
 45242 | Shoals:3 | Noticed Polyphemus
 45259 | Shoals:3 | Killed Polyphemus
 45547 | Shoals:4 | Entered Level 4 of the Shoals
 45576 | Shoals:4 | Noticed Ilsuiw
 45625 | Shoals:4 | Cast into level 2 of the Abyss (merfolk impaler)
 45669 | Abyss:2  | Found a corrupted altar of Lugonu.
 45969 | Shoals:4 | Escaped the Abyss
 46558 | Shoals:3 | Killed Ilsuiw
 47822 | Shoals:4 | Got a barnacled rune of Zot
 48509 | Shoals:2 | Killed Frances
 48875 | Elf:1    | Entered Level 1 of the Elven Halls
 48957 | Elf:1    | Reached XP level 23. HP: 143/205 MP: 30/30
 49332 | Elf:1    | Found Ovuzuivy's Distillery.
 49343 | Elf:1    | Bought a potion of cure mutation for 350 gold pieces
 49343 | Elf:1    | Bought 2 potions of heal wounds for 140 gold pieces
 50478 | Elf:2    | Found a runed gate.
 50478 | Elf:2    | Found a runed gate.
 50479 | Elf:2    | Found a runed gate.
 51584 | Elf:3    | Entered Level 3 of the Elven Halls
 51974 | Elf:3    | Got a glittering jade amulet
 51978 | Elf:3    | Identified the amulet "Tediat" {Harm *Drain +Blink Dex+4 Stlth+} (You found it on level 3 of the Elven Halls)
 52189 | Elf:3    | Reached XP level 24. HP: 191/217 MP: 30/30
 52513 | Elf:3    | Got a brightly glowing hand axe {venom}
 52539 | Elf:3    | Noticed Wiglaf
 52565 | Elf:3    | Killed Wiglaf
 52568 | Elf:3    | Identified the +8 hand axe of Inflation {venom, rElec rC+ Str-4} (You took it off a deep elf annihilator on level 3 of the Elven Halls)
 52648 | Elf:3    | Got a jewelled war axe {freeze}
 52649 | Elf:3    | Identified the +7 war axe "Ogreslayer" {freeze, rF+ MR+ Int+4} (You took it off a deep elf mage on level 3 of the Elven Halls)
 52903 | Elf:3    | Got a slimy mace {flame}
 52904 | Elf:3    | Identified the +9 mace of Xochil {flame, rElec} (You took it off a deep elf sorcerer on level 3 of the Elven Halls)
 53094 | Elf:3    | Got an ancient jade amulet
 53095 | Elf:3    | Got a slimy spear {distort}
 53096 | Elf:3    | Identified the +5 spear of the Candelabrum {distort, MR- Dex+7} (You took it off a deep elf death mage on level 3 of the Elven Halls)
 53191 | Elf:3    | Got a jet-encrusted ring mail
 53203 | Elf:3    | Identified the cursed +0 ring mail of Makhleb's Favour {Dex+4} (You found it on level 3 of the Elven Halls)
 53205 | Elf:3    | Identified the amulet "Yghogi" {Spirit rElec rF+ SInv Stlth-} (You took it off a deep elf death mage on level 3 of the Elven Halls)
 53703 | Elf:3    | Found Iloarun's Antique Armour Shop.
 53716 | Elf:3    | Bought a fine ring mail for 207 gold pieces
 53716 | Elf:3    | Bought a scorched ring mail for 207 gold pieces
 53734 | Elf:3    | Identified the +1 ring mail "Uxkuhom" {rPois rC+ Int+2} (You bought it in a shop on level 3 of the Elven Halls)
 53744 | Elf:3    | Identified the cursed +0 ring mail of the Evil One {-Tele +Fly rN++ rCorr} (You bought it in a shop on level 3 of the Elven Halls)
 54469 | Vaults:5 | Entered Level 5 of the Vaults
 55692 | Vaults:4 | You fall through a shaft!
 56277 | Vaults:5 | Reached XP level 25. HP: 108/229 MP: 30/30
 56709 | Vaults:5 | Identified the Incunabulum of Stolen Souls and the Volcanoes (You found it on level 5 of the Vaults)
 56743 | Vaults:5 | Noticed Mennas
 57295 | Vaults:5 | Got an ancient scale mail
 57306 | Vaults:5 | Identified the +0 scale mail "Iqiunas" {+Inv rPois rN+ Int-5} (You found it on level 5 of the Vaults)
 57330 | Vaults:5 | Identified the Almanac of the Sailor
 57755 | Vaults:5 | Reached skill level 27 in Fighting
 57825 | Vaults:5 | Noticed an ancient lich
 57839 | Vaults:5 | Killed an ancient lich
 58007 | Vaults:5 | Got a silver rune of Zot
 58290 | Vaults:5 | Reached XP level 26. HP: 195/242 MP: 30/30
 59303 | Depths:1 | Entered Level 1 of the Depths
 59370 | Depths:1 | Found a gateway to Hell.
 61914 | Depths:2 | Got a steaming long sword
 61915 | Depths:2 | Identified the cursed +1 long sword of Sudden Death {antimagic, rN+ MR++ SInv} (You found it on level 2 of the Depths)
 62397 | Depths:2 | Noticed Mara
 62408 | Depths:2 | Killed Mara
 62513 | Depths:2 | Reached XP level 27. HP: 234/249 MP: 30/30
 62858 | Depths:3 | Found a gateway to a ziggurat.
 63759 | Depths:3 | Found a one-way gate leading to the halls of Pandemonium.
 64597 | Depths:4 | Noticed a juggernaut
 64628 | Depths:3 | Killed a juggernaut
 65488 | Depths:4 | Found a one-way gate to the infinite horrors of the Abyss.
 65495 | Depths:4 | Voluntarily entered the Abyss.
 66554 | Abyss:3  | Found a corrupted altar of Lugonu.
 66597 | Abyss:3  | Gained mutation: Your body sometimes deteriorates upon taking damage. [a neqoxec]
 66694 | Depths:4 | Escaped the Abyss
 67162 | Depths:4 | Voluntarily entered the Abyss.
 67357 | Abyss:1  | Noticed an ancient lich
 67361 | Depths:4 | Escaped the Abyss
 67689 | Depths:4 | Voluntarily entered the Abyss.
 67985 | Abyss:3  | Got an abyssal rune of Zot
 67999 | Abyss:3  | Gained mutation: You expend magic power (3 MP) to strengthen your wands. [a neqoxec]
 68005 | Depths:4 | Escaped the Abyss
 68408 | Depths:5 | Entered Level 5 of the Depths
 68408 | Depths:5 | Found a corrupted altar of Lugonu.
 68709 | Depths:5 | Reached skill level 27 in Shields
 68766 | Depths:5 | Found a gate to the Realm of Zot.
 69157 | Depths:5 | Got an ebony morningstar {freeze}
 69158 | Depths:5 | Identified the +8 morningstar of Doom {freeze, Str+3} (You took it off a spriggan air mage on level 5 of the Depths)
 69386 | Hell     | Entered the Vestibule of Hell
 69386 | Hell     | Noticed Geryon
 69410 | Hell     | Killed Geryon
 69458 | Hell     | Found a gateway to the Iron City of Dis.
 69539 | Hell     | Found a gateway to the ashen valley of Gehenna.
 69634 | Hell     | Found a gateway to the decaying netherworld of Tartarus.
 69721 | Hell     | Found a gateway to the freezing wastes of Cocytus.
 69924 | Zot:1    | Entered Level 1 of the Realm of Zot
 73502 | Zot:2    | Reached skill level 27 in Armour
 73938 | Zot:2    | Reached skill level 1 in Dodging
 74070 | Zot:2    | Reached skill level 10 in Invocations
 74245 | Zot:3    | Noticed Tiamat
 74248 | Zot:3    | Corrupted Zot:3
 74609 | Zot:2    | Killed Tiamat
 76676 | Zot:4    | Reached skill level 5 in Dodging
 77423 | Zot:5    | Entered Level 5 of the Realm of Zot
 77649 | Zot:5    | Reached skill level 10 in Dodging
 77657 | Zot:5    | Identified the Catalogue of Venomous Displacement
 78708 | Crypt:1  | Entered Level 1 of the Crypt
 79077 | Crypt:1  | Reached skill level 1 in Spellcasting
 79609 | Crypt:2  | Learned a level 3 spell: Regeneration
 79726 | Crypt:2  | Reached skill level 1 in Necromancy
 80016 | Crypt:2  | Noticed Boris
 80021 | Crypt:2  | Killed Boris
 80021 | Crypt:2  | Reached skill level 5 in Spellcasting
 81294 | Crypt:3  | Entered Level 3 of the Crypt
 82022 | Crypt:3  | Reached skill level 5 in Evocations
 82147 | Crypt:3  | Got an ancient battleaxe {chop}
 82148 | Crypt:3  | Identified the cursed +0 battleaxe of Ytoekoh {chop, *Drain Fragile Int+7 SInv} (You took it off a guardian mummy on level 3 of the Crypt)
 82188 | Crypt:3  | Found an ancient bone altar of Kikubaaqudgha.
 82201 | Crypt:3  | Found a basalt altar of Yredelemnul.
 82609 | Crypt:3  | Identified a +6 rod of shadows (12/12) (You found it on level 3 of the Crypt)
 82670 | Crypt:3  | Found a staircase to the Tomb.
 82902 | Crypt:3  | Got a fine chain mail
 82913 | Crypt:3  | Identified the +7 chain mail of Elyvilon's Castigation {rElec Dex-2 Stlth+} (You found it on level 3 of the Crypt)
 83757 | Pan      | Entered Pandemonium
 83824 | Pan      | Noticed Genathaz the pandemonium lord
 83834 | Pan      | Corrupted Pan
 83847 | Pan      | Killed Genathaz the pandemonium lord
 83858 | Pan      | Found an exit through the horrors of the Abyss.
 83957 | Pan      | Reached skill level 10 in Evocations
 84867 | Pan      | Got a polished scale mail
 84879 | Pan      | Identified the +1 scale mail of Failure {+Fly rF+ rC+ Int+4} (You found it in Pandemonium)
 85165 | Pan      | Found an exit through the horrors of the Abyss.
 85194 | Pan      | Gained mutation: Scrolls take you a little longer to read. [a neqoxec]
 85195 | Pan      | Entered the realm of Lom Lobon.
 85284 | Pan      | Found an exit through the horrors of the Abyss.
 85491 | Pan      | Noticed Lom Lobon
 85634 | Pan      | Corrupted Pan
 85980 | Pan      | Escaped the Abyss
 86014 | Pan      | Drowned

Skill      XL: |  1  2  3  4  5  6  7  8  9 10 11 12 13 14 15 16 17 18 19 20 21 22 23 24 25 26 27 |
---------------+----------------------------------------------------------------------------------+-----
Fighting       | 4 5 6 7 8 9 10 11 12 13 14 16 18 19 21 22 24 25 27 | 27.0
Stealth        | 1 |  1.5
Axes           | 3 4 6 7 8 9 10 13 15 17 19 20 | 20.0
Armour         | 3 4 5 7 8 9 10 12 13 14 15 16 17 18 19 20 21 22 27 | 27.0
Shields        | 2 6 10 12 17 18 21 27 | 27.0
Evocations     | 1 13 | 13.1
Invocations    | 4 6 7 9 13 | 13.8
Dodging        | 13 | 13.2
Spellcasting   | 6 |  6.3
Necromancy     | 4 |  4.2

Action                   |  1- 3 |  4- 6 |  7- 9 | 10-12 | 13-15 | 16-18 | 19-21 | 22-24 | 25-27 || total
-------------------------+-------+-------+-------+-------+-------+-------+-------+-------+-------++-------
Melee: Hand axe          |   107 |    47 |       |       |       |       |       |       |       ||   154
       War axe           |       |   162 |   220 |       |       |       |       |    24 |       ||   406
       Mace              |       |       |    86 |   769 |   245 |       |       |       |       ||  1100
       Battleaxe         |       |       |       |       |   833 |  1178 |  1223 |  1412 |  4252 ||  8898
       Eveningstar       |       |       |       |       |    35 |    17 |       |       |       ||    52
Invok: Bend Space        |       |       |     1 |       |     3 |       |     2 |     1 |     4 ||    11
       Corrupt           |       |       |       |     1 |       |     1 |       |       |     3 ||     5
       Depart the Abyss  |       |       |       |       |       |       |     1 |     1 |     3 ||     5
       Enter the Abyss   |       |       |       |       |       |       |     1 |       |     1 ||     2
       Banish            |       |       |       |       |       |       |       |       |     1 ||     1
 Abil: Dig               |       |       |       |     2 |     2 |       |     4 |       |     4 ||    12
       Shaft Self        |       |       |       |       |       |     1 |       |     1 |       ||     2
       Evoke Flight      |       |       |       |       |       |       |     2 |     5 |       ||     7
Evoke: Wand              |       |       |       |     2 |     7 |     2 |     6 |       |     2 ||    19
       Deck              |       |       |       |       |     2 |       |       |       |       ||     2
       Lamp of fire      |       |       |       |       |       |       |     1 |       |       ||     1
       Horn of Geryon    |       |       |       |       |       |       |       |       |     5 ||     5
       Rod               |       |       |       |       |       |       |       |       |     4 ||     4
       Box of beasts     |       |       |       |       |       |       |       |       |     2 ||     2
       Phantom mirror    |       |       |       |       |       |       |       |       |     1 ||     1
  Use: Scroll            |     1 |     4 |     2 |    12 |    15 |    10 |     8 |    12 |    21 ||    85
       Potion            |       |     1 |     3 |       |     2 |     4 |     4 |     4 |    12 ||    30
 Stab: Sleeping          |     1 |       |       |       |       |       |       |       |       ||     1
       Distracted        |       |       |       |       |       |       |     2 |       |     1 ||     3
       Confused          |       |       |       |       |       |       |     1 |       |     3 ||     4
  Eat: Chunk             |     2 |     9 |    12 |    18 |    45 |    19 |    17 |    15 |    16 ||   153
       Royal jelly       |       |       |       |     1 |       |       |     1 |       |     3 ||     5
       Bread ration      |       |       |       |     1 |       |       |     1 |     2 |     9 ||    13
       Meat ration       |       |       |       |       |       |     2 |     1 |     2 |     7 ||    12
       Pizza             |       |       |       |       |       |     1 |       |     1 |     4 ||     6
       Fruit             |       |       |       |       |       |       |     2 |     3 |       ||     5
       Beef jerky        |       |       |       |       |       |       |     1 |     1 |     4 ||     6
Armor: Leather armour    |    40 |    10 |       |       |       |       |       |       |       ||    50
       Scale mail        |       |    63 |    51 |    63 |       |       |       |       |       ||   177
       Chain mail        |       |       |    52 |    51 |       |       |       |       |       ||   103
       Plate armour      |       |       |       |   231 |   111 |       |   174 |   389 |  1234 ||  2139
       Crystal plate arm |       |       |       |       |   471 |   659 |    74 |       |       ||  1204
Dodge: Dodged            |    97 |   154 |   162 |   302 |   188 |   152 |    98 |   163 |   625 ||  1941
Block: Shield            |       |       |    45 |   410 |       |       |   698 |  1069 |  4047 ||  6269
       Large shield      |       |       |       |   199 |  1227 |  1416 |   354 |    16 |       ||  3212
       Reflection        |       |       |       |       |    30 |    36 |   112 |   148 |   161 ||   487
